 Dungeon Sprint DCSS version 0.29-a0-322-g68df515428 (webtiles) character file.

Game seed: 6818464706342134937

1300000 BigDaddyOpFi the Sorcerer (level 15, -6/96 HPs)
             Began as a Djinni Hedge Wizard on Apr 6, 2022.
             Mangled by a bag of meat
             ... wielding a +9 war axe
              (43 damage)
             ... in the Dungeon (Sprint VIII: "Arena of Blood").
             The game lasted 00:00:37 (13 turns).

BigDaddyOpFi the Sorcerer (Djinni Hedge Wizard)       Turns: 13, Time: 00:00:37

Health: -6/96      AC:  2    Str:  9    XL:     15   Next: 42%
Gold:   0          EV: 19    Int: 23    God:
                   SH:  0    Dex: 13

rFire   + + .      SeeInvis .   i - +∞ Axe of Woe
rCold   x . .      Faith    .   (shield currently unavailable)
rNeg    . . .      Spirit   .   b - +0 robe
rPois   ∞          Reflect  .   c - +0 hat
rElec   .          Harm     .   (no cloak)
rCorr   .          Rampage  .   (no gloves)
Will    +....      NoTele   +   (boots unavailable)
Stlth   +++++.....              (no amulet)
HPRegen 0.26/turn               (no ring)
MPRegen 0.00/turn               (no ring)

@: flying
A: sickness immunity, fire resistance 2, cold vulnerability 1, float, innate
caster, HP casting, extra vitality 1
a: no special abilities


You were in the Dungeon.
You visited 1 branch

Inventory:

Hand Weapons
 a - a +0 dagger
 i - the +∞ Axe of Woe (weapon)
   (You found it in the Dungeon)
Armour
 b - a +0 robe (worn)
 c - a +0 hat (worn)
Scrolls
 h - a scroll of blinking
Potions
 d - a potion of curing
 e - a potion of heal wounds
 f - a potion of haste
 g - a potion of berserk rage


   Skills:
 + Level 5.0 Fighting
 + Level 10.9 Axes
 + Level 16.2 Dodging
 + Level 12.9 Stealth
 + Level 26.2 Spellcasting


You had 28 spell levels left.
You knew the following spells:

 Your Spells              Type           Power      Damage    Failure   Level
a - Magic Dart            Conj           100%       1d8       0%          1
b - Blink                 Tloc           100%       N/A       0%          2
c - Call Imp              Summ           100%       N/A       0%          2
d - Slow                  Hex            100%       N/A       0%          1
e - Conjure Flame         Conj/Fire      100%       6-21      0%          3
f - Mephitic Cloud        Conj/Pois/Air  100%       N/A       0%          3
g - Summon Small Mammal   Summ           100%       N/A       0%          1
h - Corpse Rot            Necr/Air       100%       N/A       0%          2
i - Frozen Ramparts       Ice            100%       1d12      0%          3
j - Cause Fear            Hex            50%        N/A       0%          4
k - Agony                 Necr           100%       N/A       0%          5
l - Freezing Cloud        Conj/Ice/Air   50%        6-21      0%          5
m - Starburst             Conj/Fire      50%        6d14      0%          6
Your spell library was empty.

Dungeon Overview and Level Annotations

Branches:
Dungeon (1/1)

Altars:
Makhleb


Innate Abilities, Weirdness & Mutations

You are immune to sickness and miasma.
You are immune to poison.
Your flesh is very heat resistant. (rF++)
You are vulnerable to cold. (rC-)
You float through the air rather than walking.
You learn spells naturally, not from books.
Your magical power is your life essence.
You have superior vitality. (+4 MHP)


Message History

You hit the meat berserker.
You chop the meat berserker into pieces.
You kill the meat berserker!
The meat berserker appears out of thin air!
A meat berserker comes into view. It is wielding a +9 battleaxe.
You hear a shout! x16
Your Axes skill gained 2 levels and is now at level 10!
Your Dodging skill increases to level 15!
Your Stealth skill increases to level 12!
Your Spellcasting skill increases to level 25!
You have reached level 15!
Your experience leads to an increase in your attributes!
Increase (S)trength, (I)ntelligence, or (D)exterity?
You feel clever. x2
The power to cast Starburst wells up from within.
Spell assigned to 'm'.
The meat berserker shouts!
You hit the bag of meat.
You pulverise the bag of meat into a thin bloody mist.
You kill the bag of meat!
You hear a shout! x7
A meat berserker comes into view. It is wielding a +9 battleaxe.
You hear a shout! x2
A bag of meat comes into view. It is wielding a +9 war axe.
The meat berserker hits you with a +9 battleaxe!!!
Ouch! That really hurt!
You hear a shout!
The bag of meat shouts!
You hear a shout! x2
Your Fighting skill increases to level 5!
Your Dodging skill increases to level 16!
Your Spellcasting skill increases to level 26!
Unknown command.
You hit the meat berserker.
You butcher the meat berserker messily.
You kill the meat berserker!
The meat berserker appears out of thin air!
A meat berserker comes into view. It is wielding a +9 battleaxe.
You hear a shout! x18
The meat berserker rages.
You hear a shout! x4
The bag of meat hits you with a +9 war axe!!!
You die...

..........
..........
....o...O.
.........
#...O...#
#.......# ...
.###.....o)###....
......###o@.......
......_.o.)......
..#.....#.......
#_.<._#.......
#O....#......#
....._..........
......###.........
.###.. ...###....
#.. ...#


You could see 3 meat berserkers and 4 bags of meat.

Vanquished Creatures
  4 ogres (D)
  3 orcs (D)
7 creatures vanquished.

Notes
Turn   | Place    | Note
-------+----------+-------------------------------------------
     0 | D        | Found the +∞ Axe of Woe
     0 | D        | BigDaddyOpFi the Djinni Hedge Wizard began the quest for
                  | the Orb.
     0 | D        | Reached XP level 1. HP: 15/15 MP: 0/0
     2 | D        | Noticed a bag of meat
     3 | D        | Noticed a bag of meat
     6 | D        | Killed a bag of meat
     6 | D        | Noticed a meat berserker
     7 | D        | Reached skill level 10 in Dodging
     7 | D        | Reached skill level 17 in Spellcasting
     7 | D        | Reached XP level 2. HP: 23/23 MP: 0/0
     7 | D        | Reached XP level 3. HP: 28/28 MP: 0/0
     7 | D        | Learned a level 1 spell: Summon Small Mammal
     7 | D        | Reached XP level 4. HP: 33/33 MP: 0/0
     7 | D        | Reached XP level 5. HP: 38/38 MP: 0/0
     7 | D        | Learned a level 2 spell: Corpse Rot
     7 | D        | Reached XP level 6. HP: 43/43 MP: 0/0
     7 | D        | Reached XP level 7. HP: 49/49 MP: 0/0
     7 | D        | Learned a level 3 spell: Frozen Ramparts
     7 | D        | Reached XP level 8. HP: 54/54 MP: 0/0
     7 | D        | Reached XP level 9. HP: 58/58 MP: 0/0
     7 | D        | Learned a level 4 spell: Cause Fear
     7 | D        | Reached XP level 10. HP: 64/64 MP: 0/0
     7 | D        | Reached XP level 11. HP: 68/68 MP: 0/0
     7 | D        | Learned a level 5 spell: Agony
     7 | D        | Killed a bag of meat
     7 | D        | Noticed a meat berserker
     7 | D        | Noticed a bag of meat
     8 | D        | Reached skill level 19 in Spellcasting
     8 | D        | Reached XP level 12. HP: 74/74 MP: 0/0
     8 | D        | Noticed a meat berserker
     8 | D        | Noticed a bag of meat
     9 | D        | Noticed a bag of meat
     9 | D        | Noticed a bag of meat
    10 | D        | Killed a meat berserker
    10 | D        | Killed a meat berserker
    10 | D        | Noticed a meat berserker
    11 | D        | Reached skill level 24 in Spellcasting
    11 | D        | Reached XP level 13. HP: 81/83 MP: 0/0
    11 | D        | Learned a level 5 spell: Freezing Cloud
    11 | D        | Reached XP level 14. HP: 86/89 MP: 0/0
    11 | D        | Killed a meat berserker
    12 | D        | Reached skill level 10 in Axes
    12 | D        | Reached skill level 15 in Dodging
    12 | D        | Reached skill level 25 in Spellcasting
    12 | D        | Reached XP level 15. HP: 93/95 MP: 0/0
    12 | D        | Learned a level 6 spell: Starburst
    12 | D        | Noticed a meat berserker
    12 | D        | Noticed a meat berserker
    13 | D        | Reached skill level 5 in Fighting
    13 | D        | Reached skill level 26 in Spellcasting
    13 | D        | Killed a meat berserker
    13 | D        | Mangled by a bag of meat

Illustrated notes

Levels and vault maps discovered:
D:        meatsprint

Skill      XL: |  1  2  3  4  5  6  7  8  9 10 11 12 13 14 15 |
---------------+----------------------------------------------+-----
Fighting       | 2 4 5 |  5.0
Axes           | 3 4 8 10 | 10.9
Dodging        | 10 11 14 15 16 | 16.2
Stealth        | 7 9 11 12 | 12.9
Spellcasting   | 17 19 24 25 26 | 26.2

Action                   |  1- 3 |  4- 6 |  7- 9 | 10-12 | 13-15 || total
-------------------------+-------+-------+-------+-------+-------++-------
Melee: Executioner's axe |     1 |       |       |     2 |     3 ||     6
 Cast: Conjure Flame     |       |       |       |     1 |       ||     1

Table legend: (Time is in decaauts)
 A = Elapsed time spent in this place.
 B = Non-inter-level travel time spent in this place.
 C = Inter-level travel time spent in this place.
 D = Time resting spent in this place.
 E = Time spent auto-exploring this place.
 F = Levels seen in this place.
 G = Mean time per level.
                   A        B        C        D        E       F      G
               +--------+--------+--------+--------+--------+-----+--------+
         Total |     15 |     15 |      0 |      0 |      0 |   1 |   15.0 |
       Dungeon |     15 |     15 |      0 |      0 |      0 |   1 |   15.0 |
               +--------+--------+--------+--------+--------+-----+--------+

Top non-repeatable levels by time:
       D: 15 daAuts
